 Dungeon Crawl Stone Soup version 0.19-a0-1007-g133f65f (webtiles) character file.

116 epen the Changer (level 4, 0/39 HPs)
             Began as a Draconian Transmuter on July 21, 2016.
             Slain by Grinder (6 damage)
             ... while paralysed by Grinder
             ... on level 3 of the Dungeon.
             The game lasted 00:03:28 (2904 turns).

epen the Changer (Draconian Transmuter)             Turns: 2904, Time: 00:03:29

Health: 0/39       AC:  2    Str: 12      XL:     4   Next: 69%
Magic:  3/8        EV:  5    Int: 15      God:
Gold:   71         SH:  0    Dex: 17 (18) Spells: 3 memorised, 2 levels left

rFire  . . .     SeeInvis .       - Unarmed
rCold  . . .     Gourm    .     (armour unavailable)
rNeg   . . .     Faith    .     (shield currently unavailable)
rPois  x         Spirit   .     (helmet currently unavailable)
rElec  .         Dismiss  .     (cloak currently unavailable)
rCorr  .         Reflect  .     (gloves currently unavailable)
SustAt .         Harm     .     (boots currently unavailable)
MR     .....                    (no amulet)
Stlth  ++........               (no ring)
                                (no ring)

@: paralysed, spider-form (expiring), very slightly contaminated, not resistant
to hostile enchantments, unstealthy
A: unfitting armour, agile 1, deterioration 1, robust 1, (cold-blooded), AC +5
a: End Transformation


You were on level 3 of the Dungeon.
You were not hungry.
You were a venomous arachnid creature.
You visited 1 branch of the dungeon, and saw 3 of its levels.

You collected 71 gold pieces.

Inventory:

Missiles
 a - 12 arrows
 m - 6 throwing nets (quivered)
Scrolls
 j - 3 scrolls of teleportation
 k - a scroll of enchant weapon
Potions
 d - a potion of berserk rage {unknown}
 e - a potion of heal wounds {unknown}
 f - a potion of curing
 o - a potion of lignification {unknown}
Books
 b - a book of Changes

   Spells                             Type                      Level
   a - Beastly Appendage              Transmutation                1
   b - Sticks to Snakes               Transmutation                2
   c - Spider Form                    Transmutation/Poison         3
   d - Ice Form                       Ice/Transmutation            4
   e - Blade Hands                    Transmutation                5
Comestibles
 c - 2 bread rations
 g - 2 chunks of flesh


   Skills:
 + Level 2.1 Fighting
 + Level 2.3 Dodging
 + Level 3.2 Unarmed Combat
 * Level 2.7 Spellcasting
 * Level 3.4 Transmutations


You had 2 spell levels left.
You knew the following spells:

 Your Spells              Type           Power        Failure   Level  Hunger
a - Beastly Appendage     Tmut           ##....       17%         1    #......
b - Sticks to Snakes      Tmut           ##......     24%         2    ##.....
c - Spider Form           Tmut/Pois      #.........   56%         3    ###....


Dungeon Overview and Level Annotations

Branches:
Dungeon (3/15)

Altars:

Annotations:
D:3 Grinder


Innate Abilities, Weirdness & Mutations

((Your plain brown scales are hard. (AC +5)))
Your body does not fit into most forms of armour.
((You are cold-blooded and may be slowed by cold attacks.))
You are agile. (Dex +2)
Your body sometimes deteriorates upon taking damage.
You are robust. (+10% HP)


Message History

You feel slightly ill.
Casting: Spider Form
Confirm with . or Enter, or press ? or * to list all spells.
You turn into a venomous arachnid creature.
Unknown command.
Grinder hits you!
You writhe in agony.
You closely miss Grinder. Grinder gestures at you.
You suddenly lose the ability to move!
Grinder hits you!
You writhe in agony.
Grinder hits you.
You writhe in agony.
Your transformation is almost over.
Grinder gestures at you. Pain shoots through your body!
* * * LOW HITPOINT WARNING * * *
Grinder hits you.
* * * LOW HITPOINT WARNING * * *
Your body deteriorates!
You feel clumsy.
You writhe in agony.
You die...

#.### ..##.#
#.# #...# #.#
#...# ## #.#
#...# .# #.#
####...# .#
#.# #......#
# .# #.#
#....##.# .#
#.#
#.#.....#.#
.# #ยง#
#...5s....#
.# #.#
#.........###
.# #.#
#########.#
.###'######
#.#
..........#
#.#
..........+
..# #.#
..........#
#.# #.#
..........#
#.# #.#
..........#
#.# #.#


You could see Grinder.

Vanquished Creatures
  6 adders
  2 worms
  3 giant geckos
  A ball python (D:1)
  3 bats
  2 giant cockroaches (D:1)
  10 goblins
  5 hobgoblins
  4 jackals
  9 kobolds
  2 giant newts
  5 rats
52 creatures vanquished.

Notes
Turn   | Place    | Note
-------+----------+-------------------------------------------
     0 | D:1      | epen the Draconian Transmuter began the quest for the Orb.
     0 | D:1      | Reached XP level 1. HP: 16/16 MP: 3/3
   108 | D:1      | Reached XP level 2. HP: 22/23 MP: 5/5
   217 | D:1      | Learned a level 2 spell: Sticks to Snakes
   858 | D:1      | Reached XP level 3. HP: 24/28 MP: 6/6
   863 | D:1      | Learned a level 3 spell: Spider Form
  1961 | D:2      | Reached XP level 4. HP: 12/36 MP: 5/8
  2706 | D:3      | Gained mutation: Your body sometimes deteriorates upon taking damage. [potion of mutation]
  2706 | D:3      | Gained mutation: You are robust. (+10% HP) [potion of mutation]
  2706 | D:3      | Gained mutation: You are agile. (Dex +2) [potion of mutation]
  2893 | D:3      | Noticed Grinder
  2900 | D:3      | Paralysed by Grinder for 5 turns
  2904 | D:3      | Slain by Grinder

Vault maps used:
D:1:      mrwooster_arrival_statue_2
D:2:      grunt_ministairs_13
D:3:      uniq_grinder

Skill      XL: |  1  2  3  4 |
---------------+-------------+-----
Dodging        | 2 |  2.3
Fighting       | 2 |  2.1
Transmutations | 3 |  3.4
Unarmed Combat | |  3.2
Spellcasting   | |  2.7

Action                   |  1- 3 |  4- 6 || total
-------------------------+-------+-------++-------
Melee: Unarmed           |   158 |    62 ||   220
       Punch             |     1 |       ||     1
       Tailslap          |     9 |     7 ||    16
       Kick              |     2 |       ||     2
       Headbutt          |       |     1 ||     1
 Cast: Beastly Appendage |     2 |     1 ||     3
       Spider Form       |     1 |     3 ||     4
  Use: Scroll            |       |     6 ||     6
       Potion            |       |     1 ||     1
 Stab: Sleeping          |     1 |       ||     1
  Eat: Chunk             |     3 |     4 ||     7
Armor: Skin              |    35 |    16 ||    51
Dodge: Dodged            |   104 |    39 ||   143
